 Dungeon Crawl Stone Soup version 0.25.1-2-g60ff931df9 (webtiles) character file.

Game seed: 5281366150417124672

112 H0rd4k the Insei (level 4, -3/28 HPs)
             Began as an Octopode Transmuter on Sept 23, 2020.
             Slain by a centaur (4 damage)
             ... on level 3 of the Dungeon.
             The game lasted 00:02:00 (2698 turns).

H0rd4k the Insei (Octopode Transmuter)              Turns: 2698, Time: 00:02:00

Health: -3/28      AC:  1    Str:  9    XL:     4   Next: 93%
Magic:  7/7        EV: 14    Int: 16    God:
Gold:   147        SH:  0    Dex: 12    Spells: 1/7 levels left

rFire    . . .     SeeInvis .     - Unarmed
rCold    + . .     Gourm    .   (no shield)
rNeg     . . .     Faith    .   (helmet restricted)
rPois    .         Spirit   .   k - amulet of magic regeneration
rElec    .         Reflect  .   h - ring of protection from cold
rCorr    .         Harm     .   (no ring)
MR       .....                  (no ring)
Stlth    +++.......             (no ring)
HPRegen  0.09/turn              (no ring)
MPRegen  0.35/turn              (no ring)
                                (no ring)
                                (no ring)

@: appendage (expiring)
A: almost no armour, stealthy swim, amphibious, 8 rings, constrict 8, tentacle
spike 3, camouflage 1, gelatinous body 1
a: End Transformation


You were on level 3 of the Dungeon.
You were hungry.
One of your tentacles had a temporary spike.
You visited 1 branch of the dungeon, and saw 3 of its levels.

You collected 147 gold pieces.

Inventory:

Missiles
 a - 62 arrows
Jewellery
 h - a ring of protection from cold (left tentacle)
 k - an amulet of magic regeneration (around mantle)
Scrolls
 b - 2 scrolls of remove curse {unknown}
 d - a scroll of fog {unknown}
 e - 3 scrolls of identify {unknown}
 g - a scroll of random uselessness {unknown}
 i - a scroll of immolation {unknown}
 j - a scroll of magic mapping {unknown}
 m - a scroll of teleportation {unknown}
 o - a scroll of amnesia {unknown}
Potions
 f - a potion of cancellation {unknown}
 l - a potion of heal wounds {unknown}
 n - a potion of curing {unknown}
Comestibles
 c - 6 rations


   Skills:
 + Level 1.1 Fighting
 + Level 2.6 Dodging
 + Level 2.4 Stealth
 + Level 4.0 Unarmed Combat
 * Level 2.4 Spellcasting
 * Level 2.5 Transmutations


You had one spell level left.
You knew the following spells:

 Your Spells              Type           Power        Failure   Level  Hunger
a - Beastly Appendage     Tmut           ##....       7%          1    #......
b - Sticks to Snakes      Tmut           ##......     11%         2    ###....
c - Spider Form           Tmut/Pois      #.........   34%         3    ###....

Your spell library contained the following spells:

 Spells                   Type           Power        Failure   Level  Hunger
 Summon Small Mammal      Summ           #...         21%         1    #......
 Call Imp                 Summ           #.......     30%         2    ###....
 Call Canine Familiar     Summ           #.......     52%         3    ###....
 Summon Guardian Golem    Hex/Summ       #.......     52%         3    ###....
 Ice Form                 Ice/Tmut       #.......     75%         4    #####..
 Summon Ice Beast         Ice/Summ       #.......     89%         4    #####..
 Summon Lightning Spire   Summ/Air       #.......     89%         4    #####..
 Blade Hands              Tmut           ##........   89%         5    ######.


Dungeon Overview and Level Annotations

Branches:
Dungeon (3/15)

Altars:
Fedhas


Innate Abilities, Weirdness & Mutations

You cannot wear most types of armour.
You are very stealthy in the water. (Stealth+)
You are amphibious.
You can wear up to eight rings at the same time.
You can use your tentacles to constrict eight enemies at once.
Your skin changes colour to match your surroundings (Stealth+).
Your rubbery body absorbs attacks. (AC +1, EV +1)
One of your tentacles bears a large vicious spike.


Message History

The centaur wields a +0 shortbow.
The centaur shoots an arrow.
The arrow barely misses you.
You see here an arrow.
A centaur is nearby!
The centaur shoots an arrow.
The arrow barely misses you.
The centaur shoots an arrow.
The arrow hits you!
You see here an arrow.
Casting: Beastly Appendage (safe; 7% risk of failure)
Confirm with . or Enter, or press ? or * to list all spells.
One of your tentacles grows a vicious spike.
The centaur shoots an arrow.
The arrow hits you!
* * * LOW HITPOINT WARNING * * *
You see here an arrow.
Your transformation is almost over.
The centaur unwields a +0 shortbow.
The centaur hits you.
* * * LOW HITPOINT WARNING * * *
The centaur misses you.
You tentacle-slap the centaur but do no damage.
Your squeeze misses the centaur. The centaur hits you.
You die...

..##### .# ..
##.##..# ##...#.#
### #......# ...
#.....# ### .....#
#########...#
......c@(..#
#########((##### #
## #.#.....# #. ..
#.###.##.###.#[###
#.# ##......###...
## #.##.###.#.##.
#. #.# #..... #.
#.####.#### #
#.##.....#


You could see a centaur.

Vanquished Creatures
  Natasha (D:3)
  3 adders (D:2)
  An ooze (D:1)
  3 dart slugs (D:1)
  2 leopard geckos
  9 bats
  A giant cockroach (D:1)
  9 goblins
  4 hobgoblins
  A quokka (D:3)
  2 ball pythons (D:2)
  3 frilled lizards (D:1)
  4 kobolds
  6 rats
49 creatures vanquished.

Notes
Turn   | Place    | Note
-------+----------+-------------------------------------------
     0 | D:1      | H0rd4k the Octopode Transmuter began the quest for the Orb.
     0 | D:1      | Reached XP level 1. HP: 13/13 MP: 3/3
   376 | D:1      | Reached XP level 2. HP: 16/18 MP: 5/5
   957 | D:1      | Reached XP level 3. HP: 23/23 MP: 6/6
  1380 | D:1      | Reached skill level 1 in Stealth
  1467 | D:2      | Learned a level 2 spell: Sticks to Snakes
  1471 | D:2      | Learned a level 3 spell: Spider Form
  1630 | D:2      | Reached XP level 4. HP: 17/28 MP: 5/7
  1961 | D:2      | Found a blossoming altar of Fedhas.
  2555 | D:3      | Noticed Natasha
  2562 | D:3      | Killed Natasha
  2562 | D:3      | Reached skill level 4 in Unarmed Combat
  2693 | D:3      | Noticed a centaur
  2697 | D:3      | HP: 1/28 [centaur (4)]
  2698 | D:3      | Slain by a centaur

Illustrated notes

Levels and vault maps discovered:
D:1:      dpeg_arrival_windows_large_door, layout_loops_ring,
          chequers_serial_rivers_small_a, st_stairs_10,
          kennysheep_pointless_box, kennysheep_crisscross
D:2:      layout_loops_ring, st_stairs_8, fedhas_altar_2
D:3:      layout_loops_ring, hellmonk_ghost_happy_afterlife, first_ration,
          kennysheep_generic_room_2, uniq_natasha

Skill      XL: |  1  2  3  4 |
---------------+-------------+-----
Stealth        | 1 2 |  2.4
Unarmed Combat | 4 |  4.0
Fighting       | |  1.1
Dodging        | |  2.6
Spellcasting   | |  2.4
Transmutations | |  2.5

Action                   |  1- 3 |  4- 6 || total
-------------------------+-------+-------++-------
Melee: Unarmed           |    88 |    33 ||   121
       Constrict         |    21 |     9 ||    30
       Tentacles         |     9 |     5 ||    14
       Punch             |     2 |       ||     2
       Kick              |     2 |     2 ||     4
 Cast: Beastly Appendage |     1 |     3 ||     4
 Stab: Sleeping          |     4 |     4 ||     8
  Eat: Chunk             |     2 |     3 ||     5
Armor: Skin              |    19 |     8 ||    27
Dodge: Dodged            |    54 |    36 ||    90
